 Dungeon Crawl Stone Soup version 0.19-a0-1019-g9c6a58d (webtiles) character file.

56 kae the Insei (level 3, 0/43 HPs)
             Began as a Demonspawn Monk on July 25, 2016.
             Slain by an orc wizard
             ... wielding a +0 dagger
              (2 damage)
             ... on level 3 of the Dungeon.
             The game lasted 00:01:57 (1745 turns).

kae the Insei (Demonspawn Monk)                     Turns: 1745, Time: 00:01:59

Health: 0/43       AC:  6    Str: 16    XL:     3   Next: 71%
Magic:  3/3        EV: 13    Int: 11    God:
Gold:   170        SH:  0    Dex: 15    Spells: 0 memorised, 2 levels left

rFire  . . .     SeeInvis .       - Unarmed
rCold  . . .     Gourm    .     a - +0 robe
rNeg   . . .     Faith    .     (no shield)
rPois  .         Spirit   .     (no helmet)
rElec  .         Dismiss  .     (no cloak)
rCorr  .         Reflect  .     (no gloves)
SustAt .         Harm     .     (no boots)
MR     .....                    (no amulet)
Stlth  ..........               (no ring)
                                (no ring)

@: berserking, very quick, not resistant to hostile enchantments, extremely
unstealthy
A: rough black scales 1, powered by pain 1
a: no special abilities


You were on level 3 of the Dungeon.
You were hungry.

You visited 1 branch of the dungeon, and saw 3 of its levels.

You collected 170 gold pieces.

Inventory:

Armour
 a - a +0 robe (worn)
Scrolls
 e - a scroll of remove curse {unknown}
 f - 2 scrolls of fog {unknown}
 j - 2 scrolls of teleportation {unknown}
 l - 3 scrolls of identify {unknown}
Potions
 g - 2 potions of cancellation {unknown}
 h - a potion of degeneration {unknown}
 i - a potion of mutation {unknown}
 k - 2 potions of lignification {unknown}
 m - a potion of haste {unknown}
 n - 2 potions of heal wounds {unknown}
 o - a potion of curing {unknown}
Comestibles
 b - 2 bread rations
 c - 4 meat rations
 p - 2 chunks of flesh


   Skills:
 + Level 3.2 Fighting
 - Level 2.6 Dodging
 - Level 1.7 Stealth
 * Level 4.1 Unarmed Combat


You had 2 spell levels left.
You didn't know any spells.

Dungeon Overview and Level Annotations

Branches:
Dungeon (3/15)

Altars:
Cheibriados
Fedhas
Pakellas


Innate Abilities, Weirdness & Mutations

You are partially covered in rough black scales. (AC +4, Dex -1)
You sometimes gain a little power by taking damage.


Message History

* * * LOW HITPOINT WARNING * * *
You are too injured to fight recklessly!
You are too injured to fight recklessly!
You are too injured to fight recklessly!
You hit the orc wizard but do no damage.
The orc wizard is heavily wounded.
The orc wizard hits you but does no damage.
The orc wizard closely misses you.
Unknown command.
It was a potion of berserk rage.
A red film seems to cover your vision as you go berserk!
You feel yourself moving faster!
You feel mighty! The orc wizard casts a spell at you. The magic dart hits you!
* * * LOW HITPOINT WARNING * * *
You are too berserk!
You barely miss the orc wizard.
The orc wizard is heavily wounded.
The orc wizard hits you with a dagger.
You die...

## o. #o
###. ...
#.######
#..o...#
#..#@..#
#..#...###
#..#.....#
#..#.#.#.#
####.#.#.#
#.#.#.#
#.#.#.#
..#.#[#
#####.#.#


You could see an orc wizard.

Vanquished Creatures
  2 adders (D:2)
  2 worms (D:2)
  3 dart slugs
  An orc (D:3)
  A giant cockroach (D:2)
  3 goblins (D:2)
  2 hobgoblins (D:2)
  3 jackals (D:1)
  A kobold (D:1)
  A quokka (D:2)
  A ball python (D:1)
  3 bats
  A giant newt (D:2)
  2 rats
26 creatures vanquished.

Vanquished Creatures (others)
  A human (D:2)
1 creature vanquished.

Grand Total: 27 creatures vanquished

Notes
Turn   | Place    | Note
-------+----------+-------------------------------------------
     0 | D:1      | kae the Demonspawn Monk began the quest for the Orb.
     0 | D:1      | Reached XP level 1. HP: 18/18 MP: 1/1
    53 | D:1      | Reached skill level 3 in Unarmed Combat
   291 | D:1      | Gained mutation: You are partially covered in rough black scales. (AC +4, Dex -1) [demonic ancestry]
   291 | D:1      | Reached XP level 2. HP: 13/24 MP: 2/2
   750 | D:2      | Found a snail-covered altar of Cheibriados.
   861 | D:2      | Gained mutation: You sometimes gain a little power by taking damage. [demonic ancestry]
   861 | D:2      | Reached XP level 3. HP: 23/29 MP: 3/3
  1079 | D:2      | Found a blossoming altar of Fedhas.
  1259 | D:2      | Reached skill level 4 in Unarmed Combat
  1673 | D:2      | Found an oddly glowing altar of Pakellas.
  1673 | D:2      | Noticed a human
  1681 | D:2      | Killed a human
  1744 | D:3      | HP: 2/43 [orc wizard/magic dart (5)]
  1745 | D:3      | Slain by an orc wizard

Vault maps used:
D:1:      dpeg_chamrin_arrival_tetris
D:2:      gammafunk_pakellas_its_alive, overflow_temple_1_default,
          kennysheep_slug_shrine, first_bread

Skill      XL: |  1  2  3 |
---------------+----------+-----
Unarmed Combat | 3 4 |  4.1
Fighting       | |  3.2
Dodging        | |  2.6
Stealth        | |  1.7

Action                   || total
-------------------------++-------
Melee: Unarmed           ||   128
       Punch             ||     2
  Use: Potion            ||     1
 Stab: Sleeping          ||     4
  Eat: Chunk             ||     2
Armor: Robe              ||    34
Dodge: Dodged            ||    74
